[ PARTIDA AOE2 · #475462205 ]
Team RMPersas vs Ethiopians
[ ANÁLISIS DE REPETICIÓN · EXTRAÍDO DE LA PARTIDA GRABADA ]
Feudal
—
Castillos
—
Imperial
—
| APM promedio | 49.5 |
| APM pico | 64 |
| eAPM promedio | 14.8 |
| Aldeanos / militares | 22 / 0 |
Foco
⚔️ 8.0% · 🌾 92.0%
Feudal
—
Castillos
—
Imperial
—
| APM promedio | 32.0 |
| APM pico | 80 |
| eAPM promedio | 6.9 |
| Aldeanos / militares | 13 / 0 |
Foco
⚔️ 7.0% · 🌾 93.0%
Feudal
—
Castillos
—
Imperial
—
| APM promedio | 65.5 |
| APM pico | 92 |
| eAPM promedio | 16.0 |
| Aldeanos / militares | 25 / 0 |
Foco
⚔️ 27.5% · 🌾 72.5%
Feudal
—
Castillos
—
Imperial
—
| APM promedio | 23.5 |
| APM pico | 50 |
| eAPM promedio | 7.5 |
| Aldeanos / militares | 11 / 0 |
Foco
⚔️ 2.5% · 🌾 97.5%
Feudal
—
Castillos
—
Imperial
—
| APM promedio | 41.1 |
| APM pico | 71 |
| eAPM promedio | 12.1 |
| Aldeanos / militares | 17 / 0 |
Foco
⚔️ 12.0% · 🌾 88.0%
Feudal
—
Castillos
—
Imperial
—
| APM promedio | 22.0 |
| APM pico | 67 |
| eAPM promedio | 6.9 |
| Aldeanos / militares | 17 / 0 |
Foco
⚔️ 7.9% · 🌾 92.1%
Feudal
—
Castillos
—
Imperial
—
| APM promedio | 62.0 |
| APM pico | 89 |
| eAPM promedio | 18.2 |
| Aldeanos / militares | 22 / 0 |
Foco
⚔️ 18.5% · 🌾 81.5%
Feudal
—
Castillos
—
Imperial
—
| APM promedio | 59.7 |
| APM pico | 91 |
| eAPM promedio | 14.1 |
| Aldeanos / militares | 28 / 0 |
Foco
⚔️ 11.8% · 🌾 88.2%
Mapa de la partida
Recursos iniciales + cada clic de construcción. Líneas = muros · curvas = relieve. ◆ oro · ⬟ piedra · ● bayas · ✦ reliquia · ◌ hueco del cierre
Inputs por minuto
— tripl3 - - -Syrus Neu-
Build order — tripl3
31 acciones detectadas en el replay
| 0:01 | Crear | Villager (Male) |
| 0:01 | Crear | Villager (Male) |
| 0:02 | Crear | Villager (Male) |
| 0:03 | Construir | House |
| 0:04 | Construir | House |
| 0:07 | Crear | Villager (Male) |
| 0:07 | Crear | Villager (Male) |
| 0:08 | Crear | Villager (Male) |
| 1:29 | Crear | Villager (Male) |
| 1:29 | Crear | Villager (Male) |
| 1:57 | Construir | Lumber Camp |
| 2:05 | Crear | Villager (Male) |
| 2:05 | Crear | Villager (Male) |
| 2:22 | Crear | Villager (Male) |
| 2:22 | Crear | Villager (Male) |
| 2:49 | Crear | Villager (Male) |
| 2:49 | Crear | Villager (Male) |
| 3:05 | Crear | Villager (Male) |
| 3:05 | Crear | Villager (Male) |
| 3:20 | Crear | Villager (Male) |
| 3:22 | Construir | House |
| 3:26 | Construir | House |
| 3:28 | Construir | House |
| 4:28 | Crear | Villager (Male) |
| 4:45 | Crear | Villager (Male) |
| 4:51 | Construir | Mill |
| 5:15 | Crear | Villager (Male) |
| 5:50 | Investigar | Loom |
| 6:10 | Crear | Villager (Male) |
| 6:24 | Crear | Villager (Male) |
| 6:48 | Investigar | Feudal Age |
Build order — -Syrus Neu-
16 acciones detectadas en el replay
| 0:02 | Crear | Villager (Male) |
| 0:02 | Crear | Villager (Male) |
| 0:02 | Crear | Villager (Male) |
| 0:03 | Crear | Villager (Male) |
| 0:04 | Construir | House |
| 0:07 | Construir | House |
| 1:25 | Crear | Villager (Male) |
| 1:57 | Construir | Lumber Camp |
| 2:00 | Crear | Villager (Male) |
| 2:01 | Crear | Villager (Male) |
| 2:20 | Crear | Villager (Male) |
| 2:51 | Crear | Villager (Male) |
| 2:52 | Crear | Villager (Male) |
| 3:09 | Crear | Villager (Male) |
| 3:31 | Crear | Villager (Male) |
| 3:31 | Crear | Villager (Male) |
Build order — Leveroy
34 acciones detectadas en el replay
| 0:01 | Crear | Villager (Male) |
| 0:01 | Crear | Villager (Male) |
| 0:02 | Construir | House |
| 0:03 | Construir | House |
| 0:12 | Crear | Villager (Male) |
| 0:12 | Crear | Villager (Male) |
| 1:38 | Crear | Villager (Male) |
| 1:38 | Crear | Villager (Male) |
| 1:48 | Construir | House |
| 2:02 | Construir | House |
| 2:10 | Construir | Lumber Camp |
| 2:18 | Crear | Villager (Male) |
| 2:18 | Crear | Villager (Male) |
| 2:34 | Crear | Villager (Male) |
| 2:34 | Crear | Villager (Male) |
| 2:55 | Crear | Villager (Male) |
| 2:56 | Crear | Villager (Male) |
| 3:18 | Crear | Villager (Male) |
| 3:21 | Crear | Villager (Male) |
| 3:37 | Construir | House |
| 3:38 | Construir | House |
| 3:51 | Crear | Villager (Male) |
| 4:13 | Crear | Villager (Male) |
| 4:13 | Crear | Villager (Male) |
| 4:46 | Construir | Mill |
| 5:22 | Crear | Villager (Male) |
| 5:53 | Crear | Villager (Male) |
| 6:08 | Crear | Villager (Male) |
| 6:14 | Crear | Villager (Male) |
| 6:18 | Crear | Villager (Male) |
| 6:21 | Crear | Villager (Male) |
| 6:21 | Crear | Villager (Male) |
| 6:23 | Construir | Farm |
| 6:35 | Crear | Villager (Male) |
Build order — AZT3K_MASIVESOUL
16 acciones detectadas en el replay
| 0:01 | Crear | Villager (Male) |
| 0:01 | Crear | Villager (Male) |
| 0:02 | Construir | House |
| 0:03 | Construir | House |
| 0:11 | Crear | Villager (Male) |
| 0:11 | Crear | Villager (Male) |
| 1:31 | Crear | Villager (Male) |
| 1:44 | Construir | Lumber Camp |
| 2:06 | Crear | Villager (Male) |
| 2:24 | Crear | Villager (Male) |
| 2:24 | Crear | Villager (Male) |
| 2:50 | Crear | Villager (Male) |
| 3:23 | Construir | House |
| 3:41 | Construir | House |
| 3:45 | Crear | Villager (Male) |
| 3:45 | Crear | Villager (Male) |
Build order — CORP_Vennedic
24 acciones detectadas en el replay
| 0:01 | Crear | Villager (Male) |
| 0:03 | Construir | House |
| 0:04 | Construir | House |
| 0:10 | Crear | Villager (Male) |
| 0:15 | Crear | Villager (Male) |
| 0:15 | Crear | Villager (Male) |
| 1:24 | Crear | Villager (Male) |
| 1:24 | Crear | Villager (Male) |
| 1:46 | Crear | Villager (Male) |
| 1:46 | Crear | Villager (Male) |
| 1:49 | Construir | Lumber Camp |
| 2:12 | Crear | Villager (Male) |
| 2:34 | Crear | Villager (Male) |
| 2:35 | Crear | Villager (Male) |
| 2:47 | Crear | Villager (Male) |
| 3:20 | Crear | Villager (Male) |
| 3:24 | Construir | House |
| 3:25 | Construir | House |
| 4:17 | Crear | Villager (Male) |
| 4:49 | Crear | Villager (Male) |
| 5:13 | Crear | Villager (Male) |
| 5:27 | Construir | Mill |
| 5:40 | Crear | Villager (Male) |
| 6:08 | Investigar | Feudal Age |
Build order — SirT_Gabasco
21 acciones detectadas en el replay
| 0:01 | Crear | Villager (Male) |
| 0:01 | Crear | Villager (Male) |
| 0:02 | Construir | House |
| 0:04 | Construir | House |
| 0:22 | Crear | Villager (Male) |
| 0:23 | Crear | Villager (Male) |
| 0:30 | Crear | Villager (Male) |
| 0:30 | Crear | Villager (Male) |
| 0:31 | Crear | Villager (Male) |
| 1:24 | Crear | Villager (Male) |
| 1:24 | Crear | Villager (Male) |
| 2:08 | Crear | Villager (Male) |
| 2:09 | Crear | Villager (Male) |
| 2:22 | Crear | Villager (Male) |
| 2:25 | Construir | Lumber Camp |
| 2:41 | Crear | Villager (Male) |
| 2:41 | Crear | Villager (Male) |
| 2:59 | Construir | House |
| 3:15 | Crear | Villager (Male) |
| 3:15 | Crear | Villager (Male) |
| 3:37 | Crear | Villager (Male) |
Build order — CORP_ Zata
28 acciones detectadas en el replay
| 0:01 | Investigar | Loom |
| 0:04 | Construir | House |
| 0:05 | Construir | House |
| 0:18 | Crear | Villager (Male) |
| 0:18 | Crear | Villager (Male) |
| 0:25 | Crear | Villager (Male) |
| 0:25 | Crear | Villager (Male) |
| 0:26 | Crear | Villager (Male) |
| 1:28 | Crear | Villager (Male) |
| 1:52 | Construir | Lumber Camp |
| 2:10 | Crear | Villager (Male) |
| 2:11 | Crear | Villager (Male) |
| 2:11 | Crear | Villager (Male) |
| 2:11 | Crear | Villager (Male) |
| 2:59 | Crear | Villager (Male) |
| 3:04 | Crear | Villager (Male) |
| 3:23 | Crear | Villager (Male) |
| 3:23 | Crear | Villager (Male) |
| 3:24 | Crear | Villager (Male) |
| 4:11 | Crear | Villager (Male) |
| 4:11 | Crear | Villager (Male) |
| 4:16 | Construir | House |
| 5:01 | Crear | Villager (Male) |
| 5:01 | Crear | Villager (Male) |
| 5:01 | Crear | Villager (Male) |
| 5:39 | Construir | Mining Camp |
| 5:40 | Crear | Villager (Male) |
| 5:40 | Crear | Villager (Male) |
Build order — Fs.JonyBravo
34 acciones detectadas en el replay
| 0:01 | Crear | Villager (Male) |
| 0:02 | Crear | Villager (Male) |
| 0:02 | Crear | Villager (Male) |
| 0:03 | Construir | House |
| 0:04 | Construir | House |
| 0:11 | Crear | Villager (Male) |
| 0:12 | Crear | Villager (Male) |
| 1:27 | Crear | Villager (Male) |
| 1:27 | Crear | Villager (Male) |
| 1:27 | Crear | Villager (Male) |
| 1:44 | Construir | Lumber Camp |
| 2:01 | Crear | Villager (Male) |
| 2:02 | Crear | Villager (Male) |
| 2:20 | Crear | Villager (Male) |
| 2:20 | Crear | Villager (Male) |
| 2:43 | Crear | Villager (Male) |
| 2:43 | Crear | Villager (Male) |
| 3:11 | Crear | Villager (Male) |
| 3:11 | Crear | Villager (Male) |
| 3:21 | Construir | House |
| 3:58 | Crear | Villager (Male) |
| 3:58 | Crear | Villager (Male) |
| 3:58 | Crear | Villager (Male) |
| 4:20 | Crear | Villager (Male) |
| 4:39 | Crear | Villager (Male) |
| 4:39 | Crear | Villager (Male) |
| 4:54 | Construir | Mill |
| 5:16 | Crear | Villager (Male) |
| 5:17 | Crear | Villager (Male) |
| 5:17 | Crear | Villager (Male) |
| 5:17 | Crear | Villager (Male) |
| 5:23 | Crear | Villager (Male) |
| 5:24 | Crear | Villager (Male) |
| 5:52 | Investigar | Loom |
Cronología de la partida
| 3:40 | -Syrus Neu- · resign |
[ ANÁLISIS IA · 1 CRÉDITO ]
¿Qué pasó realmente en esta partida?
Wolo.gg analiza cada decisión: build order, eco, micro, errores típicos por bracket. Análisis personalizado por WhatsApp o Discord en 30 segundos.
Guía civ
Persas
Guía mapa
Arabia
Perfil
Jugador #5720421